 Dungeon Crawl Stone Soup version 0.21.1-1-g345015f (webtiles) character file.

390 Shevrar the Chiller (level 7, -10/46 HPs)
             Began as a Human Ice Elementalist on May 1, 2018.
             Was a Follower of Makhleb.
             Mangled by a wight
             ... wielding a +4 morningstar
              (13 damage)
             ... on level 4 of the Dungeon.
             The game lasted 00:26:42 (4060 turns).

Shevrar the Chiller (Human Ice Elementalist)        Turns: 4060, Time: 00:26:44

Health: -10/46     AC:  8    Str:  8    XL:     7   Next: 7%
Magic:  2/12       EV: 12    Int: 17    God:    Makhleb [*.....]
Gold:   176        SH:  4    Dex: 14    Spells: 10/13 levels left

rFire    . . .     SeeInvis +   a - +0 spear
rCold    . . .     Gourm    .   s - +1 buckler {reflect}
rNeg     + . .     Faith    .   n - +2 robe {rN+}
rPois    .         Spirit   .   (no helmet)
rElec    .         Reflect  +   x - +0 cloak
rCorr    .         Harm     .   q - +2 pair of gloves
MR       .....                  (no boots)
Stlth    +++.......             (no amulet)
HPRegen  0.15/turn              r - ring of see invisible
MPRegen  0.13/turn              (no ring)

@: drained
A: no striking features
a: Renounce Religion


You were on level 4 of the Dungeon.
You worshipped Makhleb.
Makhleb was aware of your devotion.
You were not hungry.

You visited 1 branch of the dungeon, and saw 4 of its levels.

You collected 176 gold pieces.

Inventory:

Hand Weapons
 a - a +0 spear (weapon)
 b - a +0 hunting sling
 d - a +0 short sword
 i - a cursed -3 dagger
 m - a cursed -3 dagger
 t - a +2 quarterstaff of chaos
Missiles
 e - 22 sling bullets
Armour
 n - a +2 robe of positive energy (worn)
 q - a +2 pair of gloves (worn)
 s - a +1 buckler of reflection (worn)
 x - a +0 cloak (worn)
Jewellery
 r - a ring of see invisible (left hand)
 u - an uncursed amulet of guardian spirit {unknown}
Wands
 k - a wand of enslavement (12)
 l - a wand of random effects (15)
Scrolls
 j - a scroll of identify
Potions
 g - a potion of mutation
 h - a potion of curing
 o - a potion of haste {unknown}
 p - 2 potions of agility
 v - a potion of might {unknown}
Books
 f - a book of Frost

   Spells                             Type                      Level
   a - Freeze                         Ice                          1
   b - Throw Frost                    Conjuration/Ice              2
   c - Ozocubu's Armour               Charms/Ice                   3
   d - Throw Icicle                   Conjuration/Ice              4
   e - Summon Ice Beast               Ice/Summoning                4
Comestibles
 c - 10 rations


   Skills:
 - Level 2.3(2.0) Dodging
 + Level 4.5(4.2) Stealth
 + Level 3.9(3.7) Spellcasting
 - Level 1.0(0.7) Conjurations
 + Level 4.8(4.5) Ice Magic


You had 10 spell levels left.
You knew the following spells:

 Your Spells              Type           Power        Failure   Level  Hunger
a - Freeze                Ice            ###.         4%          1    None
b - Throw Frost           Conj/Ice       ##....       14%         2    ##.....


Dungeon Overview and Level Annotations

Branches:
Dungeon (4/15)
 Temple: D:4-7

Altars:
Fedhas
Makhleb
Nemelex Xobeh


Message History

* * * LOW HITPOINT WARNING * * *
The orc hits you with a trident.
* * * LOW HITPOINT WARNING * * *
Wield which item (- for none, * to show all)? (? for menu, Esc to quit)
You can't wield that with a shield.
Wield which item (- for none, * to show all)? (? for menu, Esc to quit)
Okay, then.
The wight closely misses you.
The wight hits you with a dagger of freezing.
Keep disrobing?
Uppercase [Y]es or [N]o only, please.
Keep disrobing?
* * * LOW HITPOINT WARNING * * *
You partially resist.
You feel drained. The wight freezes you.
* * * LOW HITPOINT WARNING * * *
You block the orc's attack.
You start removing your armour.
You continue taking off your +1 buckler of reflection.
The wight hits you with an enchanted morningstar!
You die...

### #(.
..#####.###########
#............z..z.#
######.#########§#
#.# #§# #.# #z# #.#
§##z# #z# .o..§o@z#
#.# ...o§####
#######.###...
..z.z....#[.#
#######....# #####
##...# ....# ...#
###.# ...# # .....


You could see 3 wights and an orc.

Vanquished Creatures
  A crimson imp (D:3)
  2 hounds (D:3)
  2 orc wizards (D:3)
  An orc priest (D:3)
  Crazy Yiuf (D:3)
  Ijyb (D:3)
  A gnoll (D:3)
  5 adders
  2 oozes
  2 leopard geckos
  15 orcs
  3 giant cockroaches
  8 goblins
  5 hobgoblins
  2 jackals (D:3)
  9 kobolds
  5 quokkas
  A ball python (D:1)
  9 bats
  2 frilled lizards
  5 rats
82 creatures vanquished.

Notes
Turn   | Place    | Note
-------+----------+-------------------------------------------
     0 | D:1      | Shevrar the Human Ice Elementalist began the quest for the Orb.
     0 | D:1      | Reached XP level 1. HP: 13/13 MP: 3/3
   350 | D:1      | Reached XP level 2. HP: 13/19 MP: 1/5
  1031 | D:1      | Reached XP level 3. HP: 24/24 MP: 6/6
  1047 | D:1      | Learned a level 2 spell: Throw Frost
  1752 | D:2      | Found a blossoming altar of Fedhas.
  1877 | D:2      | Reached XP level 4. HP: 24/30 MP: 2/7
  1990 | D:2      | Found a sparkling altar of Nemelex Xobeh.
  2478 | D:3      | Found a runed door.
  2529 | D:3      | Noticed Ijyb
  2846 | D:3      | Reached XP level 5. HP: 30/35 MP: 5/9
  3076 | D:3      | Reached XP level 6. HP: 32/41 MP: 4/11
  3217 | D:3      | Found a burning altar of Makhleb.
  3261 | D:3      | Became a worshipper of Makhleb the Destroyer
  3521 | D:3      | Killed Ijyb
  3710 | D:3      | Reached * piety under Makhleb
  3889 | D:3      | Noticed Crazy Yiuf
  3898 | D:3      | Killed Crazy Yiuf
  3898 | D:3      | Reached XP level 7. HP: 46/46 MP: 6/12
  4060 | D:4      | Mangled by a wight

Skill      XL: |  1  2  3  4  5  6 |
---------------+-------------------+-----
Stealth        | 3 4 |  4.5
Spellcasting   | 3 |  3.9
Ice Magic      | 4 |  4.8
Dodging        | |  2.3
Conjurations   | |  1.0

Action                   |  1- 3 |  4- 6 |  7- 9 || total
-------------------------+-------+-------+-------++-------
Melee: Short sword       |    15 |       |       ||    15
       Spear             |     7 |    42 |     5 ||    54
 Fire: Hunting sling     |     5 |    51 |     2 ||    58
Throw: Stone             |    14 |       |       ||    14
       Throwing net      |       |     1 |       ||     1
 Cast: Freeze            |    34 |    76 |    19 ||   129
       Throw Frost       |     2 |     2 |     1 ||     5
  Use: Scroll            |     4 |     4 |     1 ||     9
       Potion            |       |     1 |       ||     1
  Eat: Chunk             |     1 |     6 |       ||     7
       Ration            |     1 |       |       ||     1
Armor: Robe              |    15 |    15 |     2 ||    32
       Skin              |       |    13 |       ||    13
Dodge: Dodged            |    24 |    63 |    10 ||    97
Block: Buckler           |       |       |     7 ||     7
